 Dungeon Sprint DCSS version 0.30-a0-360-g447f08457e (webtiles) character file.

Game seed: 595681369537587202

119 Pestilence the Slasher (level 4, -6/39 HPs)
             Began as a Demonspawn Gladiator on Nov 13, 2022.
             Splashed by a jelly's acid (8 damage)
             ... in the Dungeon (Sprint IX: "|||||||||||||||||||||||||||||").
             The game lasted 00:00:19 (91 turns).

Pestilence the Slasher (Demonspawn Gladiator)         Turns: 91, Time: 00:00:21

Health: -6/39      AC:  0    Str: 16    XL:     4   Next: 73%
Magic:  4/4        EV: 13    Int: 10    God:
Gold:   0          SH:  0    Dex: 14    Spells: 3/3 levels left

rFire   . . .      SeeInvis .    a - +0 long sword
rCold   . . .      Faith    .    (no shield)
rNeg    . . .      Spirit   .    b - +0 leather armour
rPois   .          Reflect  .    c - +0 helmet
rElec   .          Harm     .    (no cloak)
rCorr   .          Rampage  .    (no gloves)
Will    .....      NoTele   +    (no boots)
Stlth   +.........               (no amulet)
HPRegen 0.26/turn                (no ring)
MPRegen 0.09/turn                (no ring)

@: corroded, on berserk cooldown, slowed, very slow
A: foul stench 2
a: no special abilities


You were in the Dungeon.
You visited 1 branch

Inventory:

Hand Weapons
 a - a +0 long sword (weapon)
Missiles
 d - 3 throwing nets (quivered)
 e - a javelin
Armour
 b - a +0 leather armour (worn)
 c - a +0 helmet (worn)
Scrolls
 k - a scroll of blinking
Potions
 f - a potion of curing
 g - a potion of heal wounds
 h - a potion of haste
 i - 2 potions of magic


   Skills:
 + Level 5.0 Fighting
 + Level 5.0 Long Blades
 - Level 1.7 Throwing
 + Level 4.0 Armour
 + Level 5.0 Dodging


You had 3 spell levels left.
You didn't know any spells.
Your spell library was empty.

Dungeon Overview and Level Annotations

Branches:
Dungeon (1/1)

Altars:


Innate Abilities, Weirdness & Mutations

You sometimes emit foul miasma when damaged in melee.


Message History

You barely miss the iguana.
The iguana is almost dead.
You slash the iguana!
You kill the iguana!
You have reached level 4!
You feel clever.
You closely miss the hound. The hound barely misses you.
The jelly jiggles.
You closely miss the hound. The hound closely misses you.
You slash the hound!
The hound is heavily wounded.
The hound bites you. x2
You barely miss the hound.
The hound is heavily wounded.
The hound bites you but does no damage.
You slash the hound!
You kill the hound!
Your Fighting skill increases to level 5!
Your Long Blades skill increases to level 5!
Your Armour skill increases to level 4!
Your Dodging skill increases to level 5!
The jelly hits you.
You are splashed with acid!
There is an open door, spattered with blood here.
You see here a necrophage corpse.
You slash the jelly!
Your hands burn!
The jelly is moderately wounded.
You are no longer berserk.
You are exhausted.
You feel yourself slow down. The jelly hits you.
You are splashed with acid.
You barely miss the jelly.
The jelly is moderately wounded.
The jelly hits you. The acid corrodes you!
You are splashed with acid!
* * * LOW HITPOINT WARNING * * *
You hit the jelly but do no damage.
Your hands burn!
* * * LOW HITPOINT WARNING * * *
The jelly is moderately wounded.
The jelly barely misses you. The jelly hits you.
* * * LOW HITPOINT WARNING * * *
You are splashed with acid!
You die... ▓▓▓▓▓▓▓▓▓▓▓▓▓▓▓▓▓▓ +...lJ@.....†...<▓ ▓▓▓▓▓▓▓▓▓▓▓▓▓▓▓▓▓▓

You could see an iguana and a jelly.

Vanquished Creatures
  A necrophage (D)
  A hound (D)
  An iguana (D)
  An endoplasm (D)
  A ball python (D)
  A bat (D)
  A frilled lizard (D)
  A rat (D)
8 creatures vanquished.

Notes
Turn   | Place    | Note
-------+----------+-------------------------------------------
     0 | D        | Pestilence the Demonspawn Gladiator began the quest for the
                  | Orb.
     0 | D        | Reached XP level 1. HP: 16/16 MP: 1/1
    13 | D        | Reached skill level 1 in Armour
    68 | D        | Noticed an iguana
    68 | D        | Noticed a jelly
    68 | D        | Noticed a hound
    68 | D        | Noticed an iguana
    68 | D        | Noticed a necrophage
    75 | D        | Killed a necrophage
    76 | D        | Gained mutation: You may rarely emit foul miasma when
                  | damaged in melee. [demonic ancestry]
    76 | D        | Reached XP level 2. HP: 25/25 MP: 2/2
    76 | D        | Gained mutation: You sometimes emit foul miasma when
                  | damaged in melee. [demonic ancestry]
    76 | D        | Reached XP level 3. HP: 30/30 MP: 3/3
    83 | D        | Reached XP level 4. HP: 38/38 MP: 4/4
    88 | D        | Reached skill level 5 in Fighting
    88 | D        | Reached skill level 5 in Long Blades
    88 | D        | Reached skill level 5 in Dodging
    91 | D        | Splashed by a jelly's acid

Illustrated notes

Levels and vault maps discovered:
D:        linesprint [early_d, line_temple, items_1, d_10, items_2, lair_1,
          lair_end, items_3, orc_1, orc_end, items_4, d_15, swamp_1, shoals_1,
          snake_1, spider_1, d_20, vaults_1, items_5, swamp_end, shoals_end,
          snake_end, spider_end, vaults_end, d_27, items_6, zot_1, zot_end,
          crypt_end, forest_end, elf_end, slime_end, tomb_end, abyss_end,
          pan_hell_end]

Skill      XL: |  1  2  3  4 |
---------------+-------------+-----
Long Blades    | 4 5 |  5.0
Dodging        | 4 5 |  5.0
Armour         | 3 4 |  4.0
Fighting       | 4 5 |  5.0
Throwing       | |  1.7

Action                   |  1- 3 |  4- 6 || total
-------------------------+-------+-------++-------
Melee: Long sword        |    24 |     8 ||    32
  Use: Potion            |     1 |       ||     1
Armor: Leather armour    |     4 |     1 ||     5
Dodge: Dodged            |    12 |     3 ||    15

Table legend: (Time is in decaauts)
 A = Elapsed time spent in this place.
 B = Non-inter-level travel time spent in this place.
 C = Inter-level travel time spent in this place.
 D = Time resting spent in this place.
 E = Time spent auto-exploring this place.
 F = Levels seen in this place.
 G = Mean time per level.
                   A        B        C        D        E       F      G
               +--------+--------+--------+--------+--------+-----+--------+
         Total |     89 |     89 |      0 |     47 |      3 |   1 |   89.0 |
       Dungeon |     89 |     89 |      0 |     47 |      3 |   1 |   89.0 |
               +--------+--------+--------+--------+--------+-----+--------+

Top non-repeatable levels by time:
       D: 89 daAuts
